 Dungeon Crawl Stone Soup version 0.28.0-45-g0d030f2227 (webtiles) character file.

Game seed: 8828503920887358097

1493 selver the Slicer (level 8, -2/37 HPs)
             Began as a Spriggan Brigand on Apr 10, 2022.
             Was an Initiate of Hepliaklqana.
             Slain by a jelly (3 damage)
             ... on level 5 of the Dungeon.
             The game lasted 00:38:57 (6838 turns).

selver the Slicer (Spriggan Brigand)                Turns: 6838, Time: 00:38:58

Health: -2/37      AC:  0    Str:  7    XL:     8   Next: 51%
Magic:  9/9        EV: 16    Int: 13    God:    Hepliaklqana [......]
Gold:   119        SH:  0    Dex: 18    Spells: 7/7 levels left

rFire   . . .      SeeInvis +   k - +1 dagger (vamp)
rCold   . . .      Faith    .   (no shield)
rNeg    . . .      Spirit   .   b - +0 robe
rPois   .          Reflect  .   (helmet restricted)
rElec   .          Harm     .   c - +0 cloak
rCorr   .          Rampage  .   (gloves unavailable)
Will    +....                   (boots unavailable)
Stlth   +++.......              (no amulet)
HPRegen 0.12/turn               (no ring)
MPRegen 0.11/turn               (no ring)

@: corroded, very quick
A: very small, no large weapons, unfitting armour, see invisible, speed 3, high
MP 1, shaggy fur 1
a: Renounce Religion


You were on level 5 of the Dungeon.
You worshipped Hepliaklqana.
Hepliaklqana was noncommittal.
You visited 2 branches of the dungeon, and saw 7 of its levels.

You collected 119 gold pieces.

Inventory:

Hand Weapons
 a - a +2 dagger
 d - a +0 rapier
 k - a +1 vampiric dagger (weapon)
Missiles
 h - a poisoned dart
 j - 122 stones (quivered)
 m - 14 sling bullets
Armour
 b - a +0 robe (worn)
 c - a +0 cloak (worn)
Jewellery
 l - a ring of poison resistance
Wands
 e - a wand of polymorph (5)
 f - a wand of mindburst (18)
Scrolls
 i - 2 scrolls of identify


   Skills:
 + Level 1.5 Fighting
 * Level 9.8 Short Blades
 - Level 5.4(6.4) Slings
 + Level 4.2(5.2) Throwing
 - Level 1.3 Dodging
 - Level 5.8 Stealth


You had 7 spell levels left.
You didn't know any spells.
Your spell library contained the following spells:

 Spells                   Type           Power      Damage    Failure   Level
 Blink                    Tloc           0%         N/A       43%         2
 Lesser Beckoning         Tloc           0%         N/A       67%         3
 Manifold Assault         Tloc           0%         N/A       100%        5


Dungeon Overview and Level Annotations

Branches:
Dungeon (6/15)             Temple (1/1) D:5

Altars:
Cheibriados
Elyvilon
Gozag
Hepliaklqana
Makhleb
Nemelex Xobeh
Qazlal
Trog
Vehumet
Wu Jian
Xom
Zin

Shops:
D:6 !


Innate Abilities, Weirdness & Mutations

You are very small and have problems with some larger weapons.
You are too small for most types of armour.
You have supernaturally acute eyesight. (SInv)
You cover ground extremely quickly. (Speed+++)
You have an increased reservoir of magic. (+10% MP)
You are covered in fur. (AC +1)


Message History

Your surroundings suddenly seem different.
Found a stormy altar of Qazlal.
There is a stormy altar of Qazlal here.
You start resting.
HP restored.
There is a stormy altar of Qazlal here.
You hear a distant slurping noise.
You open the door.
There is an open door here.
A jelly comes into view.
Found an ornate altar of the Wu Jian Council.
There is a fountain of clear blue water here.
The jelly quivers.
You hit the jelly.
Your hands burn!
The jelly is lightly wounded.
The jelly closely misses you.
You hit the jelly.
You feel better.
Your hands burn!
The jelly is moderately wounded.
You hit the jelly.
Your hands burn!
The jelly is heavily wounded.
The jelly closely misses you.
You hit the jelly.
You feel better.
Your hands burn!
The jelly is heavily wounded.
You hit the jelly.
You feel better.
Your hands burn!
The jelly is severely wounded.
The jelly barely misses you.
You barely miss the jelly.
The jelly is severely wounded.
You hit the jelly.
Your hands burn!
The jelly is almost dead.
The jelly hits you. The acid corrodes you!
You are splashed with acid!
* * * LOW HITPOINT WARNING * * *
You hit the jelly.
Your hands burn!
* * * LOW HITPOINT WARNING * * *
The jelly is almost dead.
You hit the jelly but do no damage.
Your hands burn!
* * * LOW HITPOINT WARNING * * *
The jelly is almost dead.
The jelly hits you.
You die...

#.# #.# #.# #.#
+#.#+
#.#####...#####.#
........⌠........
.#####...#####.
#J@..#.#'...##
#.8...#.#...8.#
#.._..#.#.._..#
#.8.8.#.#.8.8.#
##...##.##...##
#####...##### ..#
.. .... .....


You could see a jelly.

Vanquished Creatures
  Pikel (D:4)
  Prince Ribbit (D:5)
  Eustachio (D:4)
  A necrophage (D:5)
  A sky beast (D:5)
  An ogre (D:4)
  A lemure (D:3)
  A water moccasin skeleton (D:5)
  2 jellies
  An orc priest (D:4)
  Crazy Yiuf (D:2)
  4 iguanas
  Ijyb (D:4)
  A howler monkey skeleton (D:5)
  8 adders
  A worm (D:2)
  4 dart slugs
  4 orcs (D:4)
  4 bats
  6 endoplasms
  A giant cockroach (D:1)
  6 goblins
  8 hobgoblins
  2 jackals (D:1)
  3 quokkas (D:4)
  3 ball pythons
  A frilled lizard (D:1)
  4 kobolds
  5 rats (D:1)
78 creatures vanquished.

Notes
Turn   | Place    | Note
-------+----------+-------------------------------------------
     0 | D:1      | selver the Spriggan Brigand began the quest for the Orb.
     0 | D:1      | Reached XP level 1. HP: 10/10 MP: 2/2
   108 | D:1      | Reached skill level 1 in Slings
   111 | D:1      | Reached XP level 2. HP: 11/14 MP: 3/3
   208 | D:1      | Reached skill level 3 in Short Blades
   435 | D:1      | Found a faded altar of an unknown god.
   988 | D:2      | Reached XP level 3. HP: 18/18 MP: 4/4
  1663 | D:2      | Found a runed translucent door.
  1664 | D:2      | Noticed Crazy Yiuf
  1684 | D:2      | Killed Crazy Yiuf
  1685 | D:2      | Reached skill level 4 in Short Blades
  1685 | D:2      | Reached XP level 4. HP: 22/22 MP: 5/5
  2744 | D:4      | Noticed Pikel
  2744 | D:4      | Noticed a lemure
  2744 | D:4      | Noticed a lemure
  2749 | D:4      | Noticed a lemure
  2776 | D:3      | Killed a lemure
  2836 | D:4      | Noticed an ogre
  2856 | D:4      | Killed an ogre
  2857 | D:4      | Reached skill level 5 in Short Blades
  2857 | D:4      | Reached XP level 5. HP: 25/25 MP: 6/6
  2923 | D:4      | Found a glowing silver altar of Zin.
  2938 | D:4      | Noticed a lemure
  2954 | D:4      | Killed Pikel
  2955 | D:4      | Reached skill level 7 in Short Blades
  2955 | D:4      | Reached skill level 5 in Slings
  2955 | D:4      | Reached XP level 6. HP: 21/30 MP: 7/7
  2955 | D:4      | Reached XP level 7. HP: 23/33 MP: 8/8
  3290 | D:4      | Noticed Ijyb
  3308 | D:4      | Killed Ijyb
  3666 | D:4      | Noticed Eustachio
  4449 | D:4      | Gained mutation: You are covered in fur. (AC +1) [potion of
                  | mutation]
  4449 | D:4      | Gained mutation: You have an increased reservoir of magic.
                  | (+10% MP) [potion of mutation]
  4512 | D:3      | Reached skill level 8 in Short Blades
  4679 | D:4      | Killed Eustachio
  4786 | D:5      | Entered Level 5 of the Dungeon
  5282 | D:4      | Reached XP level 8. HP: 25/37 MP: 9/9
  5771 | D:5      | Found a staircase to the Ecumenical Temple.
  6032 | D:5      | Reached skill level 9 in Short Blades
  6284 | D:5      | Noticed Prince Ribbit
  6322 | D:5      | Killed Prince Ribbit
  6414 | Temple   | Entered the Ecumenical Temple
  6561 | Temple   | Became a worshipper of Hepliaklqana the Forgotten
  6646 | D:5      | You fall into a shaft and drop 1 floor!
  6690 | D:6      | Found Fecext's Distillery.
  6720 | D:5      | Found a stormy altar of Qazlal.
  6825 | D:5      | Found an ornate altar of the Wu Jian Council.
  6838 | D:5      | HP: 1/37 [acid (2)]
  6838 | D:5      | Slain by a jelly

Illustrated notes

Levels and vault maps discovered:
D:1:      ncdulo_watergridlock, layout_basic,
          hellmonk_ecumenical_altar_arch_garden, solitary_fountain
D:2:      layout_basic, minmay_pentomino_s2, uniq_crazy_yiuf_cottage
D:3:      layout_rooms, lemuel_old_faithful
D:4:      layout_loops_ring, zin_academy, uniq_ijyb, uniq_eustachio, uniq_pikel
D:5:      layout_rooms, grunt_temple_overflow_cloverleaf, temple_pool_b,
          minmay_checkerbox, uniq_prince_ribbit1, uniq_edmund
D:6:      layout_basic, overflow_temple_1_default, serial_shops, shop,
          minmay_ruined_shrine
Temple:   chequers_temple_sunken

Skill      XL: |  1  2  3  4  5  6  7  8 |
---------------+-------------------------+-----
Slings         | 1 2 3 5 |  5.4
Short Blades   | 3 4 5 7 8 9 |  9.8
Throwing       | 3 4 |  4.2
Fighting       | |  1.5
Dodging        | |  1.3
Stealth        | |  5.8

Action                   |  1- 3 |  4- 6 |  7- 9 || total
-------------------------+-------+-------+-------++-------
Melee: Dagger            |    78 |    41 |   289 ||   408
       Punch             |       |     1 |     5 ||     6
Throw: Dart              |    26 |    17 |    23 ||    66
       Stone             |     1 |    19 |   103 ||   123
       Boomerang         |       |       |    31 ||    31
  Use: Scroll            |     2 |       |     7 ||     9
       Potion            |     1 |       |     8 ||     9
 Stab: Sleeping          |     6 |     4 |     6 ||    16
       Invisible         |       |       |     5 ||     5
Armor: Robe              |     9 |     3 |    37 ||    49
Dodge: Dodged            |    57 |    17 |   196 ||   270
